 Dungeon Crawl Stone Soup version 0.24-b1-44-g37ad8b309f (webtiles) character file.

Game seed: 12733229543004406835, levelgen mode: deterministic

96200 MisterOstroum the Unseen (level 15, 0/117 HPs)
             Began as a Vampire Necromancer on Oct 24, 2019.
             Was the Champion of Kikubaaqudgha.
             Succumbed to a +0 glaive of venom's poison
             ... on level 2 of the Orcish Mines.
             The game lasted 02:41:30 (36837 turns).

MisterOstroum the Unseen (Vampire Necromancer)     Turns: 36837, Time: 02:41:31

Health: 0/117      AC: 17    Str: 11    XL:     15   Next: 68%
Magic:  38/38      EV: 22    Int: 23    God:    Kikubaaqudgha [******]
Gold:   2391       SH:  0    Dex: 23    Spells: 2/34 levels left

rFire    + . .     SeeInvis +   a - +7 pair of quick blades "Gyre" and "Gimble" {protect}
rCold    . . .     Gourm    .   (shield currently unavailable)
rNeg     + . .     Faith    .   H - +4 robe of the Original Sin {rN+}
rPois    .         Spirit   .   z - +1 helmet
rElec    .         Reflect  .   j - +2 cloak
rCorr    .         Harm     .   w - +2 pair of gloves
MR       +....                  M - +2 pair of boots
Stlth    +++++++...             V - amulet of the acrobat
HPRegen  0.49/turn              N - ring of magical power
MPRegen  0.26/turn              y - ring of the Suburbs {rF+ Str+4 Dex+7}

@: lethally poisoned (0 -> -39), singing, regenerating quickly, studying
Throwing
A: no food, fangs 3, see invisible, unbreathing
a: Exsanguinate, Receive Corpses, Torment, Renounce Religion


You were on level 2 of the Orcish Mines.
You worshipped Kikubaaqudgha.
Kikubaaqudgha was exalted by your worship.
You were alive.

You visited 5 branches of the dungeon, and saw 25 of its levels.
You also visited: Bailey and Ice Cave.

You collected 2604 gold pieces.
You spent 213 gold pieces at shops.

Inventory:

Hand Weapons
 a - the +7 pair of quick blades "Gyre" and "Gimble" (weapon) {protect}
   (You found it in an ice cave)

   It grants its wielder temporary protection when it strikes (+7 to AC).
 b - a +0 trident of protection
Missiles
 f - 49 poisoned darts
 r - 6 boomerangs of dispersal
 u - 11 silver boomerangs (quivered)
 Q - 9 curare-tipped darts
 S - 4 throwing nets {!f}
Armour
 j - a +2 cloak (worn)
 w - a +2 pair of gloves (worn)
 z - a +1 helmet (worn)
 C - a scarf of resistance
 H - the +4 robe of the Original Sin (worn) {rN+}
   (You bought it in a shop on level 5 of the Dungeon)

   It protects you from negative energy.
 M - a +2 pair of boots (worn)
Jewellery
 k - an uncursed ring of protection from cold
 x - an uncursed ring of flight
 y - the ring of the Suburbs (right hand) {rF+ Str+4 Dex+7}
   (You found it on level 6 of the Lair of Beasts)

   [ring of protection from fire]

   It affects your strength (+4).
   It affects your dexterity (+7).
   It protects you from fire.
 F - an uncursed ring of magical power
 N - a ring of magical power (left hand)
 V - an amulet of the acrobat (around neck)
Wands
 e - a wand of disintegration (11)
 i - a wand of digging (19)
 m - a wand of clouds (4)
 o - a wand of enslavement (2)
 J - a wand of iceblast (29)
 L - a wand of acid (6)
 P - a wand of scattershot (7)
 U - a wand of polymorph (18)
Scrolls
 c - a scroll of torment
 h - 7 scrolls of teleportation {@r3 !r}
 s - 2 scrolls of amnesia
 t - 3 scrolls of fog {!r}
 v - 5 scrolls of blinking {@r4}
 I - 2 scrolls of summoning
 K - a scroll of magic mapping {@r5 !r}
 T - 9 scrolls of remove curse {@r2}
 W - a scroll of vulnerability
 X - 2 scrolls of immolation
Potions
 d - 3 potions of cancellation
 g - 3 potions of invisibility
 l - 5 potions of flight
 n - 3 potions of brilliance
 p - a potion of ambrosia
 q - 4 potions of haste {@q4 !q}
 A - a potion of mutation {unknown}
 B - a potion of heal wounds {@q2 !q}
 D - a potion of might {@q3 !q}
 E - 11 potions of lignification {@q6}
 G - a potion of resistance
 O - 2 potions of curing {@q1 !q}
 R - 3 potions of agility {@q5 !q}
Books
 Z - a manual of Throwing


   Skills:
 - Level 10.6 Fighting
 - Level 8.0 Short Blades
 - Level 10.8 Dodging
 - Level 15.5 Stealth
   Level 4.0 Shields
 - Level 10.0 Spellcasting
 - Level 5.0 Conjurations
 - Level 3.2 Charms
 - Level 15.0 Necromancy
 + Level 2.6 Translocations
 - Level 3.0 Air Magic
 - Level 6.3 Evocations


You had 2 spell levels left.
You knew the following spells:

 Your Spells              Type           Power        Failure   Level  Hunger
a - Pain                  Necr           ####         0%          1    N/A
b - Animate Dead          Necr           N/A          1%          4    N/A
c - Vampiric Draining     Necr           ######....   1%          3    N/A
d - Swiftness             Chrm/Air       ####....     2%          2    N/A
e - Mephitic Cloud        Conj/Pois/Air  ###.....     5%          3    N/A
f - Slow                  Hex            ##......     9%          2    N/A
g - Bolt of Draining      Conj/Necr      ######....   2%          5    N/A
h - Song of Slaying       Chrm           ####....     2%          2    N/A
B - Blink                 Tloc           N/A          2%          2    N/A
H - Regeneration          Chrm/Necr      ######....   1%          3    N/A
U - Dispel Undead         Necr           ######..     1%          5    N/A

Your spell library contained the following spells:

 Spells                   Type           Power        Failure   Level  Hunger
 Animate Skeleton         Necr           N/A          0%          1    N/A
 Infusion                 Chrm           ####         1%          1    N/A
 Magic Dart               Conj           ####         1%          1    N/A
 Shock                    Conj/Air       ####         1%          1    N/A
 Corpse Rot               Necr           N/A          1%          2    N/A
 Sublimation of Blood     Necr           ######....   1%          2    N/A
 Shroud of Golubria       Chrm/Tloc      ####..       2%          2    N/A
 Corona                   Hex            ##.....      5%          1    N/A
 Call Imp                 Summ           ##......     9%          2    N/A
 Ensorcelled Hibernation  Hex/Ice        ##....       9%          2    N/A
 Death Channel            Necr           ######....   1%          6    N/A
 Static Discharge         Conj/Air       ####....     3%          3    N/A
 Excruciating Wounds      Chrm/Necr      ######....   3%          5    N/A
 Conjure Flame            Conj/Fire      ###.....     6%          3    N/A
 Dazzling Spray           Conj/Hex       ###...       6%          3    N/A
 Spectral Weapon          Hex/Chrm       ###.....     9%          3    N/A
 Airstrike                Air            ####......   16%         4    N/A
 Confuse                  Hex            ##......     17%         3    N/A
 Tukima's Dance           Hex            ##......     17%         3    N/A
 Iskenderun's Battlesphe  Conj/Chrm      ####....     28%         5    N/A
 Lightning Bolt           Conj/Air       ####......   30%         5    N/A
 Simulacrum               Ice/Necr       #####.....   36%         6    N/A
 Ice Form                 Ice/Tmut       ##......     50%         4    N/A
 Venom Bolt               Conj/Pois      ###.......   50%         5    N/A
 Bolt of Magma            Conj/Fire/Erth ###.......   61%         5    N/A
 Infestation              Necr           ######....   61%         8    N/A
 Metabolic Englaciation   Hex/Ice        ##........   83%         5    N/A
 Haunt                    Necr/Summ      #####.....   91%         7    N/A
 Freezing Cloud           Conj/Ice/Air   ###.......   96%         6    N/A
 Bolt of Cold             Conj/Ice       ###.......   97%         6    N/A
 Iron Shot                Conj/Erth      ###.......   97%         6    N/A
 Orb of Destruction       Conj           ####......   99%         7    N/A
 Ozocubu's Refrigeration  Ice            ##........   100%        6    N/A
 Spellforged Servitor     Conj/Summ      ###.......   100%        7    N/A
 Borgnjor's Revivificati  Necr           Unusable     N/A         8    N/A
 Death's Door             Chrm/Necr      Unusable     N/A         8    N/A
 Necromutation            Tmut/Necr      Unusable     N/A         8    N/A

Dungeon Overview and Level Annotations

Branches:
Dungeon (15/15)            Temple (1/1) D:5            Lair (6/6) D:10
  Swamp (0/4) Lair:3        Snake (0/4) Lair:3        Slime (0/5) Lair:5
    Orc (2/2) D:9             Elf (1/3) Orc:2        Vaults (0/5) D:14
 Depths (0/5) D:15         Bailey (visited)           IceCv (visited)

Altars:
Ashenzari
Cheibriados
Dithmenos
Elyvilon
Fedhas
Gozag
Hepliaklqana
Kikubaaqudgha
Makhleb
Nemelex Xobeh
Okawaru
Qazlal
Ru
Sif Muna
Trog
Uskayaw
Vehumet
Wu Jian
Xom
Yredelemnul
Zin
The Shining One
Beogh

Shops:
D:5 [   D:6 (   D:7 *   D:11 [   Orc:2 (*[=

Annotations:
D:11 exclusion: gargoyle
D:15 exclusion: door
Lair:1 1 runed translucent door, Edgeworth's ghost, journeyman GrFi
Lair:3 3 runed translucent doors, Curus's ghost, journeyman MiFi; Snorg
Lair:5 exclusion: 3 oklob plants


Innate Abilities, Weirdness & Mutations

You do not eat.
Your natural rate of healing is unusually fast.
You have razor-sharp teeth.
You have supernaturally acute eyesight. (SInv)
You can survive without breathing.


Message History

Level annotation: exclusion: gargoyle
There is a stone staircase leading down here.
You see here a ration.
You see here a cursed -3 giant spiked club.
There is a stone staircase leading up here.
You climb upwards.
There is a stone staircase leading down here.
There is a stone staircase leading up here.
You climb upwards.
There is a stone staircase leading down here.
Things that are here:
a +0 robe; a +0 dagger
Things that are here:
a +0 ring mail; a +0 short sword
There is a staircase to the Orcish Mines here.
You climb downwards.
Welcome back to the Orcish Mines!
There is a staircase back to the Dungeon here.
There is a stone staircase leading down, spattered with blood here.
You climb downwards.
There is a stone staircase leading up here.
Things that are here:
a +0 chain mail; a cursed +0 dire flail
There is an entrance to Aberchewn's General Store here.
R - 3 potions of agility {@q5 !q} (gained 1)
K - a scroll of magic mapping {@r5 !r} Thank you for shopping at Aberchewn's General Store!
You can access your shopping list by pressing '$'.
There is a roughly hewn altar of Beogh here.
You see here a +0 short sword.
There is a staircase to the Elven Halls here.
Okay, then.
Unknown command.
You climb downwards.
Welcome to the Elven Halls!
A +0 glaive of venom comes into view.
Found 7 gold pieces.
There is a staircase back to the Mines here.
Unknown command.
You remove your ring of magical power.
You feel your magic capacity decrease.
y - the ring of the Suburbs (right hand) {rF+ Str+4 Dex+7}
Casting: Bolt of Draining (safe; 2% risk of failure)
Confirm with . or Enter, or press ? or * to list all spells.
You start singing a song of slaying.
The +0 glaive of venom hits you from afar!
You are poisoned.
You feel sick. The +0 glaive of venom hits you!
You miss the +0 glaive of venom.
You closely miss the +0 glaive of venom.
You hit the +0 glaive of venom.
Your weapon exudes an aura of protection.
You barely miss the +0 glaive of venom.
You hit the +0 glaive of venom but do no damage.
Your bite misses the +0 glaive of venom.
You miss the +0 glaive of venom.
You feel sick.
The +0 glaive of venom barely misses you.
You miss the +0 glaive of venom.
Your bite misses the +0 glaive of venom.
You hit the +0 glaive of venom but do no damage.
You hit the +0 glaive of venom. You miss the +0 glaive of venom.
You miss the +0 glaive of venom.
You closely miss the +0 glaive of venom.
You hit the +0 glaive of venom.
You completely miss the +0 glaive of venom.
You feel sick.
The +0 glaive of venom hits you but does no damage.
You hit the +0 glaive of venom but do no damage.
Your bite misses the +0 glaive of venom.
You hit the +0 glaive of venom but do no damage.
You hit the +0 glaive of venom but do no damage. x2
You hit the +0 glaive of venom but do no damage. x2
You feel sick. The +0 glaive of venom hits you!!
You are more poisoned.
You hit the +0 glaive of venom but do no damage. x2
You feel sick.
The +0 glaive of venom hits you from afar!!
You are lethally poisoned!
There is a staircase back to the Mines, spattered with blood here.
Magic restored.
You feel very sick.
The +0 glaive of venom hits you from afar!
* * * LOW HITPOINT WARNING * * *
You are more poisoned.
You climb upwards.
Welcome back to the Orcish Mines!
* * * LOW HITPOINT WARNING * * *
You feel extremely sick.
There is a staircase to the Elven Halls here.
Keep bloodletting?
* * * LOW HITPOINT WARNING * * *
You feel very sick.
You begin bloodletting.
You continue bloodletting.
* * * LOW HITPOINT WARNING * * *
You feel very sick.
You continue bloodletting.
* * * LOW HITPOINT WARNING * * *
You feel very sick.
You continue bloodletting.
* * * LOW HITPOINT WARNING * * *
You feel very sick.
You continue bloodletting.
You die...
Kikubaaqudgha rasps: "You have failed me!
Welcome... death!"

##..#...................# #
##......................# #
#........#.............##
####.....................#
.# ##....................##
#####.........#...........#
#............##..........##
..................#..#....#
................@#........#
...#..........###.........#
..........#..#...........##
..........................#
................#........##
....................##...#
....................###.##
...................## ###
..................#.##


There were no monsters in sight!

Vanquished Creatures
  Kirke (Lair:6)
  A frost giant (IceCv)
  An orc warlord (Orc:2)
  The ghost of Jaliuk the Eclecticist, a journeyman DECj of Vehumet (D:14)
  The ghost of Raneoc the Severer, a journeyman MiFi of Okawaru (Lair:4)
  Azrael (D:12)
  A dire elephant (Lair:6)
  A yaktaur captain (D:15)
  Harold (Orc:1)
  Fannar (Lair:3)
  8 hydras
  A merfolk avatar (Lair:6)
  6 two-headed ogres
  3 centaur warriors
  2 tengu warriors (D:15)
  An orc high priest (Orc:2)
  Sonja (Lair:6)
  Nergalle (Lair:1)
  3 unseen horrors
  2 sea snakes
  Pikel (D:5)
  5 orc sorcerers
  A harpy (Lair:6)
  7 deep elf magi
  4 ugly things
  3 orc knights (Orc:2)
  4 centaur zombies
  3 cyclopes
  7 elephants
  17 spiny frogs
  6 black mambas
  A gargoyle (D:11)
  5 rime drakes
  6 komodo dragons
  A yaktaur (D:15)
  A redback zombie (D:12)
  An efreet (D:14)
  2 meliai (shapeshifter)
  A wind drake (Lair:6)
  16 polar bears
  4 trolls
  A bog body (Lair:3)
  2 hornets
  7 blink frogs
  7 hippogriffs
  4 dream sheep (Lair:6)
  A meliai zombie (D:13)
  56 yaks
  Eustachio (D:5)
  A basilisk (Lair:3)
  A spriggan (D:7)
  3 wyverns
  5 hogs
  A shadow (D:14)
  3 water elementals (D:14)
  6 fire elementals (D:12)
  A steam dragon (D:11)
  A hungry ghost (D:15)
  7 vampire mosquitoes
  Menkaure (D:6)
  A two-headed ogre zombie (D:9)
  A warg (Orc:2)
  17 water moccasins
  A hell hound (D:12)
  13 porcupines
  2 sky beasts
  2 slaves (D:5)
  27 orc warriors
  An ice beast (D:14)
  4 black bears
  5 phantoms
  17 ogres
  A hornet zombie (D:15)
  29 wolves
  14 centaurs
  9 crocodiles
  Blork the orc (D:6)
  14 bullfrogs
  A wyvern skeleton (D:10)
  7 scorpions
  6 killer bees (D:12)
  3 howler monkeys
  14 wights
  2 bullfrog zombies
  5 crimson imps
  6 jellies
  2 quasits
  17 orc priests
  6 hounds
  A bullfrog skeleton (D:8)
  5 centaur skeletons
  5 iguanas
  29 orc wizards
  13 worker ants
  4 ogre zombies (D:9)
  A hound skeleton (D:10)
  4 worker ant zombies
  Robin (D:3)
  A gnoll (D:1)
  17 adders
  4 shadow imps
  An ooze (D:3)
  3 adder zombies
  5 worms
  4 leopard geckos
  71 orcs
  8 giant cockroaches
  13 goblins
  9 hobgoblins
  3 jackals (D:3)
  9 quokkas
  3 bats
  6 frilled lizards
  A goblin zombie (D:9)
  2 hobgoblin zombies (D:9)
  8 kobolds
  2 orc skeletons (D:9)
  11 orc zombies (D:9)
  13 rats
728 creatures vanquished.

Vanquished Creatures (collateral kills)
  Rupert (Lair:5)
  An orc warlord (Orc:2)
  A hydra (Lair:1)
  An ice statue (IceCv)
  2 rime drakes
  2 polar bears (IceCv)
  A bog body (Lair:3)
  A hippogriff (D:12)
  A blink frog (Lair:2)
  8 yaks
  5 water moccasins
  3 porcupines
  A hell hound (D:12)
  2 orc warriors
  6 wolves
  3 crocodiles
  2 bullfrogs
  A wyvern zombie (D:10)
  2 troll zombies (D:9)
  A wight (D:7)
  A quasit (D:9)
  A bullfrog skeleton (D:4)
  An ogre zombie (D:9)
  An adder (Lair:3)
  5 orcs
  2 goblin skeletons (D:9)
  2 orc skeletons (D:9)
  5 orc zombies (D:9)
  4 fungi
67 creatures vanquished.

Vanquished Creatures (others)
  A polar bear (IceCv)
  A slave (D:5)
  A wolf (IceCv)
  23 fungi
  20 plants
46 creatures vanquished.

Grand Total: 841 creatures vanquished

Notes
Turn   | Place    | Note
-------+----------+-------------------------------------------
     0 | D:1      | MisterOstroum the Vampire Necromancer began the quest for
                  | the Orb.
     0 | D:1      | Reached XP level 1. HP: 13/13 MP: 3/3
   145 | D:1      | Reached skill level 1 in Fighting
   374 | D:1      | Reached XP level 2. HP: 20/21 MP: 1/5
   912 | D:1      | Reached XP level 3. HP: 27/27 MP: 3/6
   942 | D:1      | Learned a level 3 spell: Vampiric Draining
  1443 | D:2      | Reached skill level 5 in Necromancy
  1886 | D:2      | Reached XP level 4. HP: 33/34 MP: 4/7
  2782 | D:3      | Found an iron altar of Okawaru.
  3462 | D:4      | Reached XP level 5. HP: 29/41 MP: 4/8
  3725 | D:4      | Noticed an ogre
  3727 | D:4      | Noticed Robin
  3747 | D:3      | Learned a level 4 spell: Animate Dead
  3861 | D:4      | Reached skill level 1 in Shields
  3890 | D:3      | Killed Robin
  3960 | D:4      | Reached skill level 5 in Stealth
  4100 | D:4      | Killed an ogre
  4100 | D:4      | Reached XP level 6. HP: 39/47 MP: 0/9
  4736 | D:4      | Reached XP level 7. HP: 52/52 MP: 8/10
  5150 | D:4      | Found a bloodstained altar of Trog.
  5493 | D:5      | Entered Level 5 of the Dungeon
  5626 | D:5      | Found Bystretu's Antique Armour Shoppe.
  5632 | D:5      | Bought a faintly humming robe for 131 gold pieces
  5642 | D:5      | Identified the +4 robe of the Original Sin {rN+} (You
                  | bought it in a shop on level 5 of the Dungeon)
  5795 | D:5      | Found a burning altar of Makhleb.
  6130 | D:5      | Noticed Pikel
  6213 | D:5      | Killed Pikel
  6213 | D:5      | Reached XP level 8. HP: 30/60 MP: 0/14
  6347 | D:5      | Learned a level 2 spell: Swiftness
  6703 | D:5      | Found a staircase to the Ecumenical Temple.
  6712 | Temple   | Entered the Ecumenical Temple
  6773 | Temple   | Became a worshipper of Kikubaaqudgha
  6979 | D:6      | Reached skill level 1 in Evocations
  7029 | D:6      | Noticed Eustachio
  7137 | D:5      | Killed Eustachio
  7218 | D:6      | Noticed Menkaure
  7528 | D:6      | Reached XP level 9. HP: 52/66 MP: 10/16
  7684 | D:6      | Killed Menkaure
  7684 | D:6      | Reached skill level 5 in Spellcasting
  7764 | D:6      | Learned a level 3 spell: Regeneration
  7811 | D:6      | Found Feceamn's Weapon Boutique.
  7909 | D:6      | Noticed Blork the orc
  7918 | D:6      | Killed Blork the orc
  7995 | D:6      | Reached skill level 5 in Fighting
  8029 | D:6      | Reached skill level 1 in Charms
  8029 | D:6      | Reached skill level 1 in Air Magic
  8290 | D:7      | Reached * piety under Kikubaaqudgha
  8290 | D:7      | Identified Kikubaaqudgha's Guide on Unholy Rites
                  | (Kikubaaqudgha gifted it to you on level 7 of the Dungeon)
  8290 | D:7      | Received a gift from Kikubaaqudgha
  8342 | D:7      | Found Tybov's General Store.
  8515 | D:7      | Found a shadowy altar of Dithmenos.
  8516 | D:7      | Found a sparkling altar of Nemelex Xobeh.
  8516 | D:7      | Found a radiant altar of Vehumet.
  8516 | D:7      | Found a hazy altar of Hepliaklqana.
  8517 | D:7      | Found a shattered altar of Ashenzari.
  8517 | D:7      | Found a glowing golden altar of the Shining One.
  8520 | D:7      | Found an opulent altar of Gozag.
  8929 | D:7      | Reached skill level 5 in Dodging
  9256 | D:8      | Found a flagged portal.
  9265 | Bailey   | Entered a bailey
  9393 | D:8      | Found a white marble altar of Elyvilon.
 10294 | D:9      | Learned a level 2 spell: Blink
 10306 | D:9      | Noticed a two-headed ogre
 10379 | D:9      | Killed a two-headed ogre
 10379 | D:9      | Reached skill level 1 in Short Blades
 10379 | D:9      | Reached XP level 10. HP: 74/74 MP: 16/17
 10883 | D:9      | Found a staircase to the Orcish Mines.
 11066 | D:9      | Reached ** piety under Kikubaaqudgha
 11518 | D:10     | Entered Level 10 of the Dungeon
 11735 | D:10     | Reached skill level 5 in Evocations
 11750 | D:10     | Noticed an unseen horror
 11817 | D:10     | Reached skill level 10 in Necromancy
 11998 | D:10     | Learned a level 3 spell: Mephitic Cloud
 12046 | D:10     | Learned a level 2 spell: Slow
 12238 | D:10     | Reached *** piety under Kikubaaqudgha
 12238 | D:10     | Identified Kikubaaqudgha's Guide on Black Magic
                  | (Kikubaaqudgha gifted it to you on level 10 of the Dungeon)
 12238 | D:10     | Received a gift from Kikubaaqudgha
 12285 | D:10     | Found a staircase to the Lair.
 13138 | D:10     | Killed an unseen horror
 13138 | D:10     | Reached XP level 11. HP: 63/83 MP: 18/20
 13280 | D:11     | Found Onoceo's Armour Shop.
 13957 | Lair:1   | Entered Level 1 of the Lair of Beasts
 14192 | Lair:1   | Noticed Nergalle
 14209 | Lair:1   | Noticed an eight-headed hydra
 14377 | Lair:1   | Killed Nergalle
 14642 | Lair:1   | Noticed a four-headed hydra
 14672 | Lair:1   | Killed a four-headed hydra
 14689 | Lair:1   | Found a runed translucent door.
 14691 | Lair:1   | Noticed Edgeworth's ghost (journeyman GrFi)
 14851 | Lair:1   | Reached skill level 5 in Short Blades
 14882 | Lair:1   | Killed an eight-headed hydra
 15514 | Lair:2   | Reached skill level 10 in Stealth
 15647 | Lair:2   | Reached **** piety under Kikubaaqudgha
 15696 | Lair:2   | Reached XP level 12. HP: 91/91 MP: 12/24
 15710 | Lair:2   | Learned a level 5 spell: Bolt of Draining
 16007 | Lair:2   | Noticed a seven-headed hydra
 16015 | Lair:2   | Reached skill level 1 in Conjurations
 16017 | Lair:2   | Killed a seven-headed hydra
 17314 | Lair:3   | Found a staircase to the Snake Pit.
 17427 | Lair:3   | Noticed Fannar
 17433 | Lair:3   | Killed Fannar
 17499 | Lair:3   | Reached skill level 5 in Conjurations
 17707 | Lair:3   | Found a runed translucent gate.
 17707 | Lair:3   | Found a runed translucent gate.
 17707 | Lair:3   | Found a runed translucent gate.
 17712 | Lair:3   | Noticed Curus's ghost (journeyman MiFi)
 18075 | Lair:3   | Found a staircase to the Swamp.
 18258 | Lair:3   | Noticed Snorg
 18871 | Lair:4   | You fall into a shaft and drop 2 floors!
 18871 | Lair:6   | Entered Level 6 of the Lair of Beasts
 18919 | Lair:6   | Noticed Sonja
 19262 | Lair:6   | Noticed Kirke
 19274 | Lair:5   | Found a staircase to the Slime Pits.
 19541 | Lair:4   | Found a runed translucent door.
 19830 | Lair:4   | Reached XP level 13. HP: 79/96 MP: 3/26
 20232 | Lair:4   | Noticed Raneoc's ghost (journeyman MiFi)
 20373 | Lair:5   | Noticed Rupert
 20474 | Lair:5   | Paralysed by Rupert for 7 turns
 20475 | Lair:5   | Killed Rupert
 20475 | Lair:5   | Reached skill level 10 in Spellcasting
 20872 | Lair:5   | Reached ***** piety under Kikubaaqudgha
 21199 | Lair:5   | Learned a level 5 spell: Dispel Undead
 21835 | Orc:1    | Entered Level 1 of the Orcish Mines
 21853 | Orc:1    | Found a roughly hewn altar of Beogh.
 22617 | Orc:2    | Entered Level 2 of the Orcish Mines
 22762 | Orc:2    | Noticed an orc warlord
 22979 | Orc:2    | Killed an orc warlord
 23338 | Orc:2    | Noticed an orc warlord
 23608 | Orc:2    | Killed an orc warlord
 24579 | Orc:2    | Found a roughly hewn altar of Beogh.
 24777 | Orc:2    | Found Aberchewn's General Store.
 24838 | Orc:2    | Found Piych's Jewellery Boutique.
 24899 | Orc:2    | Found Nuosoiv's Antique Weapon Boutique.
 25133 | Orc:2    | Found Inoafriw's Antique Armour Boutique.
 25272 | Orc:2    | Found a staircase to the Elven Halls.
 25583 | Orc:1    | Noticed Harold
 25596 | Orc:1    | Killed Harold
 26403 | D:12     | Found a frozen archway.
 26407 | D:12     | Reached XP level 14. HP: 104/105 MP: 7/28
 26544 | IceCv    | Entered an ice cave
 28167 | IceCv    | Reached ****** piety under Kikubaaqudgha
 28376 | IceCv    | Noticed a frost giant
 28385 | IceCv    | Killed a frost giant
 28581 | IceCv    | Found the +7 pair of quick blades "Gyre" and "Gimble"
                  | {protect}
 29774 | D:12     | Noticed Azrael
 29960 | D:12     | Received a gift from Kikubaaqudgha
 30059 | D:12     | Killed Azrael
 30059 | D:12     | Reached skill level 15 in Necromancy
 30460 | D:12     | You fall into a shaft and drop 3 floors!
 30460 | D:15     | Entered Level 15 of the Dungeon
 30846 | D:14     | Reached skill level 10 in Fighting
 31297 | D:13     | Found a shimmering blue altar of Sif Muna.
 31989 | D:14     | Found a gate to the Vaults.
 32320 | D:14     | Found a runed translucent gate.
 32320 | D:14     | Found a runed translucent gate.
 32320 | D:14     | Found a runed translucent gate.
 32322 | D:14     | Noticed Jaliuk's ghost (journeyman DECj)
 32359 | D:14     | Reached XP level 15. HP: 115/115 MP: 29/29
 32691 | D:15     | Reached skill level 10 in Dodging
 32986 | D:15     | Found a staircase to the Depths.
 33252 | D:15     | Reached skill level 15 in Stealth
 33441 | D:15     | Found a glowing golden altar of the Shining One.
 33912 | Lair:6   | Killed Sonja
 34787 | Lair:6   | Killed Kirke
 34825 | Lair:6   | Learned a level 2 spell: Song of Slaying
 35327 | Lair:6   | Got a clouded silver ring
 35340 | Lair:6   | Identified the ring of the Suburbs {rF+ Str+4 Dex+7} (You
                  | found it on level 6 of the Lair of Beasts)
 35793 | Lair:4   | Killed Raneoc's ghost
 35977 | D:13     | HP: 5/117 [poisoned by Jaliuk's ghost (toxic radiance)]
 35983 | D:13     | HP: 3/117 [poisoned by Jaliuk's ghost (toxic radiance)]
 35988 | D:13     | HP: 2/117 [poisoned by Jaliuk's ghost (toxic radiance)]
 35993 | D:13     | HP: 3/117 [poisoned by Jaliuk's ghost (toxic radiance)]
 36000 | D:13     | HP: 4/117 [poisoned by Jaliuk's ghost (toxic radiance)]
 36355 | D:14     | Found a gate to the Vaults.
 36365 | D:14     | Killed Jaliuk's ghost
 36365 | D:14     | Reached skill level 1 in Translocations
 36775 | Orc:2    | Bought a potion of agility for 44 gold pieces
 36775 | Orc:2    | Bought a scroll of magic mapping for 38 gold pieces
 36814 | Elf:1    | Entered Level 1 of the Elven Halls
 36836 | Orc:2    | HP: 4/117 [poisoned by a +0 glaive of venom]
 36837 | Orc:2    | Succumbed to a +0 glaive of venom's poison

Skill      XL: |  1  2  3  4  5  6  7  8  9 10 11 12 13 14 15 |
---------------+----------------------------------------------+-----
Fighting       | 1 2 3 4 5 6 7 8 10 | 10.6
Necromancy     | 5 6 7 8 9 10 11 14 15 | 15.0
Stealth        | 4 5 7 10 11 13 15 | 15.5
Shields        | 1 3 4 |  4.0
Dodging        | 3 4 5 7 9 10 | 10.8
Spellcasting   | 4 5 6 8 9 10 | 10.0
Evocations     | 2 4 5 6 |  6.3
Charms         | 3 |  3.2
Air Magic      | 3 |  3.0
Short Blades   | 1 2 6 8 |  8.0
Conjurations   | 5 |  5.0
Translocations | 2 |  2.6

Action                   |  1- 3 |  4- 6 |  7- 9 | 10-12 | 13-15 || total
-------------------------+-------+-------+-------+-------+-------++-------
Melee: Dagger            |    18 |    81 |   353 |  1152 |   566 ||  2170
       Unarmed           |     1 |       |       |       |       ||     1
       Bite              |       |     3 |    33 |   128 |   121 ||   285
       Hand axe          |       |       |    38 |    17 |     2 ||    57
       Trident           |       |       |     8 |     3 |    35 ||    46
       Pair of quick bla |       |       |       |       |   358 ||   358
       Scimitar          |       |       |       |       |    17 ||    17
Throw: Dart              |    26 |    77 |   100 |     1 |       ||   204
       Stone             |       |       |    10 |       |       ||    10
       Boomerang         |       |       |       |    38 |    13 ||    51
 Cast: Pain              |    41 |    74 |   119 |   114 |    57 ||   405
       Vampiric Draining |     1 |    11 |    25 |    48 |    36 ||   121
       Animate Dead      |       |       |     5 |    25 |    25 ||    55
       Regeneration      |       |       |     3 |    49 |    38 ||    90
       Mephitic Cloud    |       |       |       |     1 |       ||     1
       Blink             |       |       |       |     2 |     9 ||    11
       Bolt of Draining  |       |       |       |    79 |   372 ||   451
       Dispel Undead     |       |       |       |       |    41 ||    41
       Song of Slaying   |       |       |       |       |     1 ||     1
Invok: Receive Corpses   |       |       |     2 |     4 |     4 ||    10
       Torment           |       |       |       |       |     2 ||     2
       Receive Necronomi |       |       |       |       |     1 ||     1
 Abil: Exsanguinate      |       |       |       |     2 |     1 ||     3
       Revivify          |       |       |       |     2 |       ||     2
Evoke: Wand              |       |       |     6 |     8 |     9 ||    23
  Use: Scroll            |       |       |    10 |    22 |    10 ||    42
 Stab: Sleeping          |     9 |     4 |     7 |    16 |    27 ||    63
       Distracted        |       |       |     2 |     5 |       ||     7
       Confused          |       |       |       |     1 |       ||     1
Armor: Robe              |     3 |     7 |   164 |   383 |   259 ||   816
       Leather armour    |       |     6 |       |       |       ||     6
       Animal skin       |       |     6 |     6 |       |       ||    12
Dodge: Dodged            |    13 |    60 |   369 |   892 |   691 ||  2025
Block: Buckler           |       |     7 |   105 |   284 |   122 ||   518
       Rpst.: Scimitar   |       |       |       |       |     2 ||     2
